 Dungeon Crawl Stone Soup version 0.28-a0-983-g1de4e0787c (webtiles) character file.

Game seed: 17616987761333346096

1 Lavandula the Poker (level 1, -2/16 HPs)
             Began as an Octopode Chaos Knight on Dec 3, 2021.
             Was a Plaything of Xom.
             Slain by a hobgoblin (4 damage)
             ... on level 1 of the Dungeon.
             The game lasted 00:00:16 (399 turns).

Lavandula the Poker (Octopode Chaos Knight)          Turns: 399, Time: 00:00:17

Health: -2/16      AC:  1    Str: 11    XL:     1   Next: 20%
Magic:  1/1        EV: 13    Int: 14    God:    Xom [..*...]
Gold:   21         SH:  0    Dex: 11    Spells: 0/0 levels left

rFire   . . .      SeeInvis .   a - +0 spear (chaos)
rCold   . . .      Faith    .   (no shield)
rNeg    . . .      Spirit   .   (helmet restricted)
rPois   .          Reflect  .   (no amulet)
rElec   .          Harm     .   (no ring)
rCorr   .          Rampage  .   (no ring)
Will    .....                   (no ring)
Stlth   ++........              (no ring)
HPRegen 0.05/turn               (no ring)
MPRegen 0.07/turn               (no ring)
                                (no ring)
                                (no ring)

@: no status effects
A: almost no armour, amphibious, 8 rings, camouflage 1, gelatinous body 1,
(nimble swimmer 1), tentacles
a: Renounce Religion


You were on level 1 of the Dungeon.
You worshipped Xom.
You were a toy of Xom.
You visited 1 branch of the dungeon, and saw 1 of its levels.

You collected 21 gold pieces.

Inventory:

Hand Weapons
 a - a +0 spear of chaos (weapon)
Scrolls
 b - 3 scrolls of immolation {unknown}
 c - a scroll of noise {unknown}
Potions
 d - a potion of might {unknown}


   Skills:
 - Level 3.0 Fighting
 + Level 3.1 Polearms
 - Level 2.3 Dodging


You couldn't memorise any spells.
You didn't know any spells.
Your spell library contained the following spells:

 Spells                   Type           Power      Damage    Failure   Level
 Ensorcelled Hibernation  Hex/Ice        0%         N/A       41%         2
 Tukima's Dance           Hex            0%         N/A       65%         3


Dungeon Overview and Level Annotations

Branches:
Dungeon (1/15)

Altars:


Innate Abilities, Weirdness & Mutations

You cannot wear most types of armour.
You are amphibious.
You can wear up to eight rings at the same time.
Your skin changes colour to match your surroundings (Stealth+).
Your rubbery body absorbs attacks. (AC +1, EV +1)
((You are camouflaged near water. (Stealth+)))
You have tentacles for arms and can constrict up to eight enemies at once.


Message History

There is an open door here.
Found a stone staircase leading down.
There is a stone staircase leading down here.
A rat comes into view.
A rat is nearby!
A rat is nearby!
A rat is nearby!
A rat is nearby!
Found 2 murky grey potions.
A hobgoblin comes into view.
Found a plate armour.
You reach to attack!
You barely miss the rat.
You reach to attack!
You barely miss the rat. The rat closely misses you.
You hit the rat.
You kill the rat!
You see here a rat corpse.
You reach to attack!
The helpless hobgoblin fails to defend itself.
You hit the hobgoblin.
The hobgoblin shouts!
The hobgoblin seems to grow stronger.
Xom is highly amused!
The hobgoblin is lightly wounded.
You hit the hobgoblin but do no damage.
The hobgoblin flickers and vanishes!
Deactivating autopickup; reactivate with Ctrl-A.
Something barely misses you.
No target in view!
No target in view!
No target in view!
You hit something. Something hits you.
Unknown command.
You barely miss something. Something hits you!
Unknown command.
You hit something but do no damage. Your squeeze misses something.
Something hits you.
* * * LOW HITPOINT WARNING * * *
Unknown command.
You miss something. Something hits you but does no damage.
You miss something. Something hits you.
You die...

#.....#
#.....#
#.....#
#.....#
#.....#
###.....####
#!.........#
#.###......+
#. #@##...#
#....{..#...#
#.##.#.##..##
#[.... .# ##
#!# ###


There were no monsters in sight!

Vanquished Creatures
  2 rats (D:1)
2 creatures vanquished.

Notes
Turn   | Place    | Note
-------+----------+-------------------------------------------
     0 | D:1      | Lavandula the Octopode Chaos Knight began the quest for the
                  | Orb.
     0 | D:1      | Reached XP level 1. HP: 16/16 MP: 1/1
   399 | D:1      | Slain by a hobgoblin

Illustrated notes

Levels and vault maps discovered:
D:1:      giann_horns, layout_basic, basic_ecumenical_altar,
          serial_bayou_pond_e, minmay_pentomino_u4

Action                   || total
-------------------------++-------
Melee: Spear             ||    11
 Stab: Sleeping          ||     1
Armor: Skin              ||     1
Dodge: Dodged            ||     3

Table legend: (Time is in decaauts)
 A = Elapsed time spent in this place.
 B = Non-inter-level travel time spent in this place.
 C = Inter-level travel time spent in this place.
 D = Time resting spent in this place.
 E = Time spent auto-exploring this place.
 F = Levels seen in this place.
 G = Mean time per level.
                   A        B        C        D        E       F      G
               +--------+--------+--------+--------+--------+-----+--------+
         Total |    398 |    398 |      0 |      0 |    367 |   1 |  398.0 |
       Dungeon |    398 |    398 |      0 |      0 |    367 |   1 |  398.0 |
               +--------+--------+--------+--------+--------+-----+--------+

Top non-repeatable levels by time:
     D:1: 398 daAuts
